 Dungeon Crawl Stone Soup version 0.18.1-48-g4cf74bf (webtiles) character file.

216 sudo the Slasher (level 5, -5/37 HPs)
             Began as a High Elf Fighter on June 29, 2016.
             Slain by an iguana (13 damage)
             ... on level 4 of the Dungeon.
             The game lasted 00:03:22 (3574 turns).

sudo the Slasher (High Elf Fighter)                 Turns: 3574, Time: 00:03:23

Health: -5/37      AC:  5    Str: 16    XL:     5   Next: 61%
Magic:  6/6        EV:  9    Int: 15    God:
Gold:   248        SH:  9    Dex: 15    Spells: 0 memorised, 4 levels left

rFire  . . .     SeeInvis .     a - +0 long sword
rCold  . . .     Gourm    .     t - +0 ring mail
rNeg   . . .     Faith    .     c - +0 shield
rPois  .         Spirit   .     (no helmet)
rElec  .         Dismiss  .     (no cloak)
rCorr  .         Reflect  .     (no gloves)
SustAt .         Harm     .     (no boots)
MR     .....                    (no amulet)
Stlth  +.........               (no ring)
                                h - +4 ring of intelligence

@: not resistant to hostile enchantments, very unstealthy
A: no striking features
a: no special abilities


You were on level 4 of the Dungeon.
You were very hungry.

You visited 1 branch of the dungeon, and saw 4 of its levels.

You collected 248 gold pieces.

Inventory:

Hand Weapons
 a - a +0 long sword (weapon)
Armour
 b - a +0 scale mail
 c - a +0 shield (worn)
 o - a +0 plate armour
 t - a +0 ring mail (worn)
Jewellery
 h - a +4 ring of intelligence (left hand)
Wands
 v - a wand of polymorph (7/24)
Scrolls
 g - 3 scrolls of fog
 i - a scroll of remove curse
 k - 2 scrolls of identify
 m - 2 scrolls of teleportation
 n - a scroll of random uselessness {unknown}
 u - 3 scrolls of enchant weapon {unknown}
Potions
 d - a potion of might
 j - 2 potions of agility
 r - 2 potions of mutation {unknown}
 s - a potion of lignification {unknown}
Comestibles
 f - 3 bread rations
 p - a slice of pizza
 q - a meat ration
 w - a beef jerky


   Skills:
 + Level 4.0 Fighting
 * Level 4.1 Long Blades
 + Level 4.0 Armour
 + Level 2.1 Dodging
 - Level 2.6 Shields


You had 4 spell levels left.
You didn't know any spells.

Dungeon Overview and Level Annotations

Branches:
Dungeon (4/15)
 Temple: D:4-7

Altars:
Pakellas
Qazlal
Trog
Xom


Message History

The river rat is lightly wounded.
The river rat barely misses you.
You hit the river rat but do no damage.
The river rat is lightly wounded.
The river rat closely misses you.
You barely miss the river rat.
The river rat is lightly wounded.
The river rat bites you!
* * * LOW HITPOINT WARNING * * *
The river rat bites you.
* * * LOW HITPOINT WARNING * * *
You hit the river rat.
The river rat is severely wounded.
You block the river rat's attack.
You are too injured to fight recklessly!
You slash the river rat!
You kill the river rat!
You hear the slow rusting of a drain nearby.
The iguana bites you!
You die...

#..........#**#§§§§##..#
#.......#### #.§§o#,,,*
****#.......# #.#§§§.#,*
*........##.# #.####.#**
*........##.# #.*,,,...,
*........##[# #,*,**,###
*........##.##### *,*,**,***
*........#...<..# *,*,**,*,,
*........#.@....#**,*,**,*,*
*,,,%......†l......,*,,,,*,*
*,,,?....#......###*******,*
****....>#.........,,,,,,,,*
*....,#......###*********
*....,#......#
*...,,#......#
*,,,,,#$###.## *,,,,,,,,,,,*


You could see an iguana.

Vanquished Creatures
  2 hounds
  A centaur skeleton (D:4)
  3 adders
  A river rat (D:4)
  3 worms
  A dart slug (D:2)
  A giant gecko (D:2)
  3 orcs (D:3)
  12 bats
  5 giant cockroaches
  9 goblins
  13 hobgoblins
  A jackal (D:3)
  9 kobolds
  3 giant newts
  A quokka skeleton (D:4)
  11 rats
79 creatures vanquished.

Notes
Turn   | Place    | Note
--------------------------------------------------------------
     0 | D:1      | sudo the High Elf Fighter began the quest for the Orb.
     0 | D:1      | Reached XP level 1. HP: 16/16 MP: 2/2
   214 | D:1      | Reached XP level 2. HP: 11/21 MP: 3/3
   227 | D:1      | HP: 1/21 [kobold/short sword (2)]
  1057 | D:2      | Reached XP level 3. HP: 24/26 MP: 4/4
  1101 | D:2      | Found a shimmering altar of Xom.
  1770 | D:2      | Reached XP level 4. HP: 31/31 MP: 5/5
  1780 | D:2      | Noticed a moth of wrath
  1784 | D:2      | Found a bloodstained altar of Trog.
  2203 | D:3      | Reached skill level 1 in Dodging
  2611 | D:3      | Found an oddly glowing altar of Pakellas.
  2611 | D:3      | Found a stormy altar of Qazlal.
  3109 | D:3      | Reached XP level 5. HP: 21/37 MP: 6/6
  3574 | D:4      | Slain by an iguana

Skill      XL: |  1  2  3  4  5 |
---------------+----------------+-----
Armour         | 3 4 |  4.0
Long Blades    | 3 4 |  4.1
Dodging        | 1 2 |  2.1
Fighting       | 4 |  4.0
Shields        | |  2.6

Action                   |  1- 3 |  4- 6 || total
-------------------------+-------+-------++-------
Melee: Long sword        |   167 |   155 ||   322
  Use: Scroll            |       |     6 ||     6
  Eat: Chunk             |     2 |     6 ||     8
Armor: Scale mail        |   114 |    38 ||   152
       Ring mail         |       |    21 ||    21
Dodge: Dodged            |    43 |    57 ||   100
Block: Shield            |   117 |    86 ||   203
